 Dungeon Crawl Stone Soup version 0.19.4-12-gccf7e64 (webtiles) character file.

1422 Magnus the Martial Artist (level 8, -1/58 HPs)
             Began as a Demonspawn Monk on Feb 28, 2017.
             Was a Believer of Kikubaaqudgha.
             Killed from afar by an electric eel (8 damage)
             ... with a bolt of electricity
             ... on level 6 of the Dungeon.
             The game lasted 00:14:53 (6952 turns).

Magnus the Martial Artist (Demonspawn Monk)         Turns: 6952, Time: 00:14:55

Health: -1/58      AC:  8    Str: 13    XL:     8   Next: 44%
Magic:  8/8        EV: 13    Int: 13    God:    Kikubaaqudgha [**....]
Gold:   234        SH:  0    Dex: 15    Spells: 0 memorised, 7 levels left

rFire  . . .     SeeInvis .       - Unarmed
rCold  + . .     Gourm    .     n - +1 ring mail {rC+}
rNeg   . . .     Faith    .     (no shield)
rPois  .         Spirit   .     (no helmet)
rElec  .         Reflect  .     m - +1 cloak
rCorr  .         Harm     .     (no gloves)
MR     .....                    (no boots)
Stlth  +.........               (no amulet)
                                (no ring)
                                (no ring)

@: no status effects
A: claws 2, repulsion field 1, spiny 1
a: Receive Corpses, Renounce Religion


You were on level 6 of the Dungeon.
You worshipped Kikubaaqudgha.
Kikubaaqudgha was pleased with you.
You were not hungry.

You visited 2 branches of the dungeon, and saw 7 of its levels.
You also visited: Sewer.

You collected 234 gold pieces.

Inventory:

Armour
 b - a +0 robe
 m - a +1 cloak (worn)
 n - a +1 ring mail of cold resistance (worn)
Jewellery
 A - an uncursed amulet of guardian spirit {unknown}
Wands
 o - a wand of teleportation (2/9)
 u - a wand of lightning (7/15)
Scrolls
 a - 2 scrolls of identify
 e - a scroll of random uselessness
 i - 2 scrolls of recharging
 l - 3 scrolls of teleportation
 w - a scroll of blinking {unknown}
 y - a scroll of amnesia {unknown}
Potions
 d - a potion of cancellation
 g - 3 potions of magic
 h - 7 potions of curing
 p - a potion of heal wounds {unknown}
 r - a potion of resistance
 t - 2 potions of cure mutation
 v - a potion of flight
 z - a potion of berserk rage {unknown}
Books
 k - Kikubaaqudgha's Disquisition on Dark Rituals
   (Kikubaaqudgha gifted it to you in the Ecumenical Temple)

   Spells                             Type                      Level
   a - Pain                           Necromancy                   1
   b - Corpse Rot                     Necromancy                   2
   c - Sublimation of Blood           Necromancy                   2
   d - Regeneration                   Charms/Necromancy            3
   e - Control Undead                 Necromancy                   4
 q - a book of Cantrips

   Spells                             Type                      Level
   a - Confusing Touch                Hexes                        1
   b - Animate Skeleton               Necromancy                   1
   c - Summon Small Mammal            Summoning                    1
   d - Apportation                    Translocation                1
Comestibles
 c - 12 bread rations
 f - 2 slices of pizza
 j - 2 fruits
 s - 3 beef jerkies
 x - 2 meat rations
 B - a chunk of flesh


   Skills:
 - Level 3.0 Fighting
   Level 0.5(3.0) Short Blades
   Level 4.8(4.9) Long Blades
 - Level 1.5 Armour
 - Level 2.6 Dodging
 - Level 1.7 Stealth
 + Level 8.3 Unarmed Combat


You had 7 spell levels left.
You didn't know any spells.

Dungeon Overview and Level Annotations

Branches:
Dungeon (6/15)             Temple (1/1) D:5

Altars:
Ashenzari
Cheibriados
Dithmenos
Elyvilon
Fedhas
Gozag
Hepliaklqana
Kikubaaqudgha
Makhleb
Nemelex Xobeh
Okawaru
Qazlal
Ru
Sif Muna
Trog
Uskayaw
Vehumet
Xom
Yredelemnul
Zin
The Shining One


Innate Abilities, Weirdness & Mutations

You have very sharp fingernails.
You are surrounded by a mild repulsion field. (EV +2)
You are partially covered in sharp spines.


Message History

The bolt of electricity misses you.
The electric eel shoots out a bolt of lightning at you!
The bolt of electricity hits you!
You miss the electric eel.
The electric eel shoots out a bolt of lightning at you!
The bolt of electricity hits you!
The electric eel shoots out a bolt of lightning at you!
The bolt of electricity hits you!
You scratch the electric eel but do no damage.
The electric eel shoots out a bolt of lightning at you!
The bolt of electricity hits you!
* * * LOW HITPOINT WARNING * * *
Unknown command.
The electric eel shoots out a bolt of lightning at you!
The bolt of electricity hits you!
* * * LOW HITPOINT WARNING * * *
The electric eel shoots out a bolt of lightning at you!
The bolt of electricity hits you!
You die...
Kikubaaqudgha rasps: "You have failed me!
Welcome... death!" ♣♣≈≈.≈≈≈≈≈≈≈♣ ##.# ♣≈≈.≈≈≈≈≈≈≈♣♣....# ♣♣≈≈.≈≈≈≈≈≈P≈P# .♣ ♣♣♣♣≈P≈.≈≈≈≈≈≈≈♣## ≈P ≈P≈P≈≈≈.≈≈≈≈≈≈♣### P≈ P≈PP≈≈≈.≈≈P≈P≈...# P≈ ≈≈≈≈≈≈;.≈≈≈≈≈###.# ... .........≈P≈...[.# ≈PP

≈≈;≈≈≈≈@.♣♣#.##..#
≈≈≈ ≈≈≈≈♣♣#..#
#.##..# ≈≈ ♣♣♣♣♣...##
#.##..# ≈♣ ♣PP..###
#.##..# ##
###..######.<#..#
..#####..##.........#
.#.......##.####.#.##
#.##.######.##.#
#.#.# #>##.# #.##.#
#.#.#


You could see 2 electric eels.

Vanquished Creatures
  A centaur skeleton (D:6)
  A phantom (D:1)
  An ogre (D:5)
  The ghost of Magnus the Grave Robber, an amateur DsNe (D:3)
  2 bullfrogs (Sewer)
  2 scorpions
  An electric eel (D:6)
  3 crimson imps (D:5)
  A hound (D:4)
  An orc priest (D:5)
  A gnoll shaman (D:5)
  Natasha (thrice) (D:3)
  A worker ant (D:5)
  2 hound skeletons
  9 adders
  4 gnolls
  A shadow imp (D:5)
  8 oozes
  An adder skeleton (D:5)
  4 worms
  A dart slug (D:3)
  9 leopard geckos
  5 orcs
  12 ball pythons (Sewer)
  19 giant cockroaches
  7 goblins
  6 hobgoblins
  2 jackals (D:4)
  13 kobolds
  A quokka (D:3)
  2 bats
  19 frilled lizards
  8 rats
152 creatures vanquished.

Notes
Turn   | Place    | Note
-------+----------+-------------------------------------------
     0 | D:1      | Magnus the Demonspawn Monk began the quest for the Orb.
     0 | D:1      | Reached XP level 1. HP: 18/18 MP: 1/1
   305 | D:1      | Gained mutation: You are surrounded by a mild repulsion field. (EV +2) [demonic ancestry]
   305 | D:1      | Reached XP level 2. HP: 24/24 MP: 2/2
  1026 | D:1      | Gained mutation: You are partially covered in sharp spines. [demonic ancestry]
  1026 | D:1      | Reached XP level 3. HP: 25/29 MP: 3/3
  2246 | D:3      | Noticed a phantom
  2517 | D:3      | Noticed Magnus's ghost (amateur DsNe)
  2836 | D:1      | Killed a phantom
  2836 | D:1      | Reached skill level 1 in Armour
  2836 | D:1      | Gained mutation: You have sharp fingernails. [demonic ancestry]
  2836 | D:1      | Reached XP level 4. HP: 11/35 MP: 4/4
  2836 | D:1      | Gained mutation: You have very sharp fingernails. [demonic ancestry]
  2836 | D:1      | Reached XP level 5. HP: 13/41 MP: 5/5
  3079 | D:3      | Killed Magnus's ghost
  3079 | D:3      | Reached skill level 2 in Unarmed Combat
  3384 | D:3      | Noticed Natasha
  3390 | D:3      | Killed Natasha
  3535 | D:3      | Noticed Natasha
  3547 | D:3      | Killed Natasha
  3547 | D:3      | Reached XP level 6. HP: 46/47 MP: 6/6
  3791 | D:3      | Reached skill level 3 in Unarmed Combat
  3949 | D:3      | Noticed Natasha
  3962 | D:3      | Killed Natasha
  4544 | D:4      | Reached skill level 4 in Unarmed Combat
  4574 | D:4      | Found a glowing drain.
  4581 | Sewer    | Entered a sewer
  4813 | Sewer    | Reached XP level 7. HP: 52/52 MP: 7/7
  4846 | Sewer    | Reached skill level 5 in Unarmed Combat
  5328 | D:5      | Entered Level 5 of the Dungeon
  5409 | D:5      | Reached skill level 6 in Unarmed Combat
  5634 | D:5      | Found a staircase to the Ecumenical Temple.
  5689 | D:5      | Found a burning altar of Makhleb.
  5730 | Temple   | Entered the Ecumenical Temple
  5836 | Temple   | Became a worshipper of Kikubaaqudgha
  5836 | Temple   | Reached * piety under Kikubaaqudgha
  5836 | Temple   | Identified Kikubaaqudgha's Disquisition on Dark Rituals (Kikubaaqudgha gifted it to you in the Ecumenical Temple)
  5836 | Temple   | Received a gift from Kikubaaqudgha
  5836 | Temple   | Reached ** piety under Kikubaaqudgha
  6173 | D:5      | Reached XP level 8. HP: 38/58 MP: 8/8
  6174 | D:5      | Reached skill level 7 in Unarmed Combat
  6401 | D:6      | Reached skill level 8 in Unarmed Combat
  6952 | D:6      | Killed from afar by an electric eel

Skill      XL: |  1  2  3  4  5  6  7  8 |
---------------+-------------------------+-----
Long Blades    | 3 4 |  4.8
Armour         | 1 |  1.5
Unarmed Combat | 2 4 6 8 |  8.3
Fighting       | |  3.0
Short Blades   | |  0.5
Dodging        | |  2.6
Stealth        | |  1.7

Action                   |  1- 3 |  4- 6 |  7- 9 || total
-------------------------+-------+-------+-------++-------
Melee: Falchion          |    97 |       |       ||    97
       Dagger            |    29 |       |       ||    29
       Unarmed           |       |   164 |   100 ||   264
       Punch             |       |     5 |     4 ||     9
  Use: Scroll            |       |       |    12 ||    12
 Stab: Sleeping          |     9 |     1 |       ||    10
       Distracted        |     1 |       |     1 ||     2
  Eat: Chunk             |     4 |     7 |     7 ||    18
       Fruit             |       |     2 |       ||     2
Armor: Robe              |     6 |       |       ||     6
       Ring mail         |     7 |    43 |    27 ||    77
Dodge: Dodged            |    71 |    96 |    41 ||   208
       Rpst.: Falchion   |    13 |       |       ||    13
